 Dungeon Crawl Stone Soup version 0.30-a0-1035-g38d5fb2972 (webtiles) character file.

Game seed: 18258708847195317795

50 cheesebisquit the Firebug (level 3, -4/30 HPs)
             Began as a Draconian Fire Elementalist on Apr 8, 2023.
             Slain by an iguana (11 damage)
             ... on level 3 of the Dungeon.
             The game lasted 00:06:41 (2445 turns).

cheesebisquit the Firebug (DrFE)                    Turns: 2445, Time: 00:06:41

Health: -4/30      AC:  5    Str: 10    XL:     3   Next: 55%
Magic:  6/6        EV: 12    Int: 17    God:
Gold:   108        SH:  0    Dex: 11    Spells: 3/6 levels left

rFire   . . .      SeeInvis .    k - +0 flail
rCold   . . .      Faith    .    (no shield)
rNeg    . . .      Spirit   .    (body armour unavailable)
rPois   .          Reflect  .    (helmet restricted)
rElec   .          Rampage  .    (no cloak)
rCorr   .                        (no gloves)
Will    .....                    (no boots)
Stlth   ++                       (no amulet)
HPRegen 0.25/turn                (no ring)
MPRegen 0.10/turn                (no ring)

@: mighty
A: AC +5, unfitting armour, cold-blooded
a: no special abilities


You were on level 3 of the Dungeon.
You visited 1 branch of the dungeon, and saw 3 of its levels.

You collected 108 gold pieces.

Inventory:

Hand Weapons
 k - a +0 flail (weapon)
Missiles
 p - 3 poisoned darts
Armour
 c - a +0 buckler
Scrolls
 b - a scroll of torment {unknown}
 d - a scroll of enchant armour {unknown}
 e - a scroll of identify {unknown}
 g - 4 scrolls of vulnerability {unknown}
 h - 2 scrolls of amnesia {unknown}
 j - a scroll of teleportation {unknown}
 l - a scroll of noise {unknown}
 m - a scroll of fear {unknown}
Potions
 f - a potion of might
 i - a potion of mutation {unknown}
 n - a potion of degeneration {unknown}
 o - a potion of curing {unknown}
 q - a potion of heal wounds {unknown}


   Skills:
 + Level 2.4 Fighting
 + Level 2.8 Dodging
 - Level 1.7 Stealth
 - Level 2.0 Spellcasting
 - Level 1.0 Conjurations
 - Level 3.0 Fire Magic


You had 3 spell levels left.
You knew the following spells:

 Your Spells              Type           Power      Damage    Failure   Level
a - Foxfire               Conj/Fire      32%        2x1d5     9%          1
z - Scorch                Fire           22%        2d6       9%          2

Your spell library contained the following spells:

 Spells                   Type           Power      Damage    Failure   Level
 Sandblast                Erth           2%         2d4       19%         1
 Lesser Beckoning         Tloc           2%         N/A       28%         2
 Passwall                 Tmut/Erth      0%         N/A       28%         2
 Poisonous Vapours        Pois/Air       2%         N/A       28%         2
 Inner Flame              Hex/Fire       6%         N/A       30%         3
 Volatile Blastmotes      Fire/Tloc      12%        2d11      30%         3
 Dazzling Flash           Conj/Hex       6%         N/A       43%         3
 Stone Arrow              Conj/Erth      6%         3d7       43%         3
 Mephitic Cloud           Conj/Pois/Air  2%         N/A       45%         3
 Gell's Gravitas          Tloc           1%         N/A       50%         3
 Teleport Other           Tloc           1%         N/A       50%         3
 Flame Wave               Conj/Fire      8%         2d5       63%         4
 Fireball                 Conj/Fire      4%         3d4       93%         5
 Iskenderun's Battlesphe  Conj           5%         2d6       98%         5
 Agony                    Necr           1%         N/A       99%         5
 Freezing Cloud           Conj/Ice/Air   1%         6-21      99%         5
 Silence                  Hex/Air        0%         N/A       99%         5
 Conjure Ball Lightning   Conj/Air       1%         3x3d6     100%        6
 Orb of Destruction       Conj           2%         9d5       100%        7


Dungeon Overview and Level Annotations

Branches:
Dungeon (3/15)

Altars:


Innate Abilities, Weirdness & Mutations

Your plain brown scales are hard. (AC +5)
You cannot fit into any form of body armour.
You are cold-blooded and may be slowed by cold attacks.


Message History

Flames lash the iguana.
The iguana is lightly wounded.
The iguana's fire resistance burns away.
The frilled lizard hisses angrily.
You hear a shout!
The foxfire hits the iguana but does no damage.
The iguana is lightly wounded.
The foxfire hits the iguana but does no damage.
The iguana is lightly wounded.
You miscast Foxfire.
You are very lightly contaminated with residual magic.
Nothing appears to happen.
The iguana closely misses you.
You conjure some foxfire!
The iguana is no longer more vulnerable to fire.
The iguana bites you.
An endoplasm comes into view.
You hit the iguana but do no damage.
The iguana is lightly wounded.
The foxfire hits the iguana.
The iguana is lightly wounded.
A goblin comes into view. It is wielding a +0 club.
The iguana bites you.
You conjure some foxfire!
The iguana closely misses you.
You barely miss the iguana. You tail-slap the iguana.
The iguana is moderately wounded.
The foxfire hits the iguana.
The iguana is heavily wounded.
The iguana bites you. The iguana bites you!
You hit the iguana but do no damage.
The iguana is heavily wounded.
The iguana closely misses you.
Your magical contamination has completely faded away.
You hit the iguana.
The iguana is severely wounded.
The iguana bites you!
* * * LOW HITPOINT WARNING * * *
It was a potion of might.
You feel very mighty all of a sudden. The iguana closely misses you.
The endoplasm closely misses you. Magic courses through your body.
The iguana bites you!
You die...

#### ..:. .....
..... ......
.....g###
....rlJ@#
.....r#l##
..... #..######
.... ##......#
...
######.########
.. #........###
. ########...#
###.. ##.


You could see an iguana, an endoplasm, a goblin, a frilled lizard and 2 rats.

Vanquished Creatures
  An ufetubus (D:3)
  2 worms (D:2)
  A dart slug (D:1)
  7 ball pythons
  2 endoplasms (D:1)
  A giant cockroach (D:3)
  4 goblins
  5 hobgoblins
  2 quokkas
  3 bats
  A frilled lizard (D:2)
  A kobold (D:2)
  5 rats
35 creatures vanquished.

Vanquished Creatures (others)
  81 foxfires
81 creatures vanquished.

Grand Total: 116 creatures vanquished

Notes
Turn   | Place    | Note
-------+----------+-------------------------------------------
     0 | D:1      | cheesebisquit the Draconian Fire Elementalist began the
                  | quest for the Orb.
     0 | D:1      | Reached XP level 1. HP: 14/14 MP: 3/3
   124 | D:1      | You fall into a shaft and drop 1 floor!
   167 | D:1      | Reached skill level 1 in Fighting
   216 | D:1      | Reached XP level 2. HP: 23/23 MP: 3/5
  1237 | D:2      | Learned a level 2 spell: Scorch
  1649 | D:2      | Reached XP level 3. HP: 29/29 MP: 0/6
  2445 | D:3      | Slain by an iguana

Illustrated notes

Levels and vault maps discovered:
D:1:      mainiacjoe_arrival_reflecting_pool, layout_basic
D:2:      layout_basic
D:3:      layout_basic

Skill      XL: |  1  2 |
---------------+-------+-----
Dodging        | 2 |  2.8
Fighting       | 1 2 |  2.4
Stealth        | |  1.7
Spellcasting   | |  2.0
Conjurations   | |  1.0
Fire Magic     | |  3.0

Action                     || total
---------------------------++-------
  Melee: Unarmed           ||     3
         Tailslap          ||     3
         Flail             ||    10
   Cast: Foxfire           ||    49
         Scorch            ||    11
    Use: Potion            ||     2
 Armour: Skin              ||     4
  Dodge: Dodged            ||    23

Table legend: (Time is in decaauts)
 A = Elapsed time spent in this place.
 B = Non-inter-level travel time spent in this place.
 C = Inter-level travel time spent in this place.
 D = Time resting spent in this place.
 E = Time spent auto-exploring this place.
 F = Levels seen in this place.
 G = Mean time per level.
                   A        B        C        D        E       F      G
               +--------+--------+--------+--------+--------+-----+--------+
         Total |   2448 |   2398 |     50 |     28 |   2123 |   3 |  816.0 |
       Dungeon |   2448 |   2398 |     50 |     28 |   2123 |   3 |  816.0 |
               +--------+--------+--------+--------+--------+-----+--------+

Top non-repeatable levels by time:
     D:2: 1407 daAuts
     D:1: 779 daAuts
     D:3: 260 daAuts
